 Dungeon Crawl Stone Soup version 0.19.0-17-g07987d3 (webtiles) character file.

387 spe3d0 the Skirmisher (level 6, -5/40 HPs)
             Began as a Gargoyle Gladiator on Nov 11, 2016.
             Slain by an ogre
             ... wielding a +0 giant club
              (11 damage)
             ... on level 4 of the Dungeon.
             The game lasted 00:06:20 (2514 turns).

spe3d0 the Skirmisher (Gargoyle Gladiator)          Turns: 2514, Time: 00:06:20

Health: -5/40      AC:  9    Str: 18    XL:     6   Next: 78%
Magic:  15/15      EV: 10    Int:  9    God:
Gold:   162        SH:  9    Dex: 12    Spells: 0 memorised, 5 levels left

rFire  + . .     SeeInvis .     a - +0 long sword
rCold  x . .     Gourm    .     b - +0 leather armour
rNeg   + . .     Faith    .     v - +0 shield
rPois  ∞         Spirit   .     c - +0 helmet
rElec  +         Reflect  .     (no cloak)
rCorr  .         Harm     .     g - +0 pair of gloves
MR     .....                    (no boots)
Stlth  +.........               (no amulet)
                                W - ring of magical power
                                F - ring of fire

@: no status effects
A: negative energy resistance 1, electricity resistance, unbreathing,
petrification resistance, rot immunity, AC +4
a: no special abilities


You were on level 4 of the Dungeon.
You were not hungry.

You visited 1 branch of the dungeon, and saw 4 of its levels.

You collected 162 gold pieces.


Innate Abilities, Weirdness & Mutations

You are resistant to torment.
Your stone body is resilient. (AC +4)
You are immune to poison.
You resist negative energy. (rN+)
You are resistant to electric shocks. (rElec)
You can survive without breathing.
You are immune to petrification.
You are immune to rotting.


   Skills:
 * Level 5.4 Fighting
 - Level 3.3 Long Blades
 - Level 1.7 Throwing
 - Level 3.0 Dodging
 * Level 3.8 Shields


You had 5 spell levels left.
You didn't know any spells.

Inventory:

Hand Weapons
 a - a +0 long sword (weapon)
Missiles
 d - 3 throwing nets {=f}
Armour
 b - a +0 leather armour (worn)
 c - a +0 helmet (worn)
 g - a +0 pair of gloves (worn)
 v - a +0 shield (worn)
Jewellery
 F - a ring of fire (left hand)
 W - a ring of magical power (right hand)
Scrolls
 h - 2 scrolls of immolation {unknown}
 m - 2 scrolls of identify {unknown}
 o - a scroll of fog {unknown}
 q - 3 scrolls of teleportation {unknown}
 t - a scroll of remove curse {unknown}
Potions
 e - a potion of haste {unknown}
 i - 2 potions of lignification {unknown}
 j - 2 potions of degeneration {unknown}
 k - a potion of curing {unknown}
 l - 2 potions of mutation {unknown}
 n - a potion of berserk rage {unknown}
 r - a potion of heal wounds {@q2}
 u - a potion of might {unknown}
Comestibles
 f - 3 bread rations {@e1}
 p - 3 chunks of flesh
 s - a beef jerky {@e2}
 w - 2 fruits {@e2}

Dungeon Overview and Level Annotations

Branches:
Dungeon (4/15)
 Temple: D:4-7

Altars:
Ashenzari
Hepliaklqana
Ru
Trog
Uskayaw
Xom
Yredelemnul

Annotations:
D:4 Natasha

....... #........
........ ####.......
###.#........
######..h.......#
......a.s5.#.#.#######
.....lO@hS.........>..
.....#####.###.######
... #.##...#.# ## .
...###.###.######.
..................<
......##.##..#####.#
....# ##.##..####..#
..# .........#...##
...........###


You could see an ogre, a howler monkey, a worker ant, Natasha, a white imp, a
giant cockroach, a ball python and a frilled lizard.


Message History

You riposte.
You hit the howler monkey.
The howler monkey is moderately wounded.
You hit the ogre.
The ogre is lightly wounded.
You block the ogre's attack. You block the howler monkey's attack.
Natasha zaps a wand.
Some rock shatters into small pieces.
Unknown command.
You closely miss the ogre.
The ogre is lightly wounded.
The howler monkey hits you but does no damage.
The giant cockroach bites you but does no damage.
The ogre hits you with a giant club!
The howler monkey hoots and howls with incredible vigour!
The giant cockroach bites you but does no damage.
You hear a howl!
You hear a shout! x4
You barely miss the ogre.
The ogre is lightly wounded.
The ogre hits you with a giant club!!
Ouch! That really hurt!
* * * LOW HITPOINT WARNING * * *
The giant cockroach waves its antennae.
The giant cockroach bites you but does no damage.
The howler monkey closely misses you.
You slash the ogre!
The ogre is heavily wounded.
The giant cockroach bites you.
* * * LOW HITPOINT WARNING * * *
The worker ant bites you but does no damage.
You block the howler monkey's attack. The ogre hits you with a giant club!
You die...

Skill      XL: |  1  2  3  4  5 |
---------------+----------------+-----
Long Blades    | 3 |  3.3
Fighting       | 3 4 5 |  5.4
Dodging        | 3 |  3.0
Shields        | 1 3 |  3.8
Throwing       | |  1.7

Action                   |  1- 3 |  4- 6 || total
-------------------------+-------+-------++-------
Melee: Long sword        |    91 |   152 ||   243
  Use: Potion            |       |     1 ||     1
 Stab: Paralysed         |       |     1 ||     1
  Eat: Chunk             |     1 |     5 ||     6
Armor: Leather armour    |    29 |    63 ||    92
Dodge: Dodged            |    66 |    80 ||   146
Block: Shield            |       |    59 ||    59
       Rpst.: Long sword |    19 |    27 ||    46

Vault maps used:
D:1:      minmay_arrival_cross
D:2:      gammafunk_temple_overflow_claw, nicolae_ru_great_annihilating_truth,
          amethyst_killhole
D:3:      nicolae_overflow_crystal_walls, tgw_sif, doesnt_xom_only_xom,
          minmay_statues_item, uniq_grinder, uniq_iyjb
D:4:      fedhas_altar_3, first_bread, st_stairs_10, uniq_natasha

Notes
Turn   | Place    | Note
-------+----------+-------------------------------------------
     0 | D:1      | spe3d0 the Gargoyle Gladiator began the quest for the Orb.
     0 | D:1      | Reached XP level 1. HP: 12/12 MP: 1/1
   367 | D:1      | Reached XP level 2. HP: 12/18 MP: 2/2
   758 | D:1      | Reached skill level 3 in Long Blades
  1121 | D:2      | Reached skill level 3 in Fighting
  1121 | D:2      | Reached XP level 3. HP: 18/23 MP: 3/3
  1181 | D:2      | Found a sacrificial altar of Ru.
  1199 | D:2      | Reached XP level 4. HP: 24/29 MP: 4/4
  1461 | D:2      | Reached skill level 4 in Fighting
  1471 | D:2      | Reached skill level 3 in Dodging
  1761 | D:2      | Reached skill level 1 in Shields
  1761 | D:2      | Reached XP level 5. HP: 32/33 MP: 5/5
  1793 | D:2      | Found a basalt altar of Yredelemnul.
  1793 | D:2      | Found a bloodstained altar of Trog.
  1794 | D:2      | Found a hazy altar of Hepliaklqana.
  1988 | D:3      | Noticed Grinder
  2005 | D:3      | HP: 1/33 [Grinder (7)]
  2011 | D:3      | Paralysed by Grinder for 7 turns
  2020 | D:3      | Killed Grinder
  2020 | D:3      | Reached skill level 5 in Fighting
  2020 | D:3      | Reached skill level 3 in Shields
  2020 | D:3      | Reached XP level 6. HP: 32/40 MP: 6/6
  2048 | D:3      | Noticed Ijyb
  2066 | D:3      | Killed Ijyb
  2306 | D:3      | Found a shimmering altar of Xom.
  2308 | D:3      | Found an iron altar of Okawaru.
  2308 | D:3      | Found a shattered altar of Ashenzari.
  2310 | D:3      | Found a hide-covered altar of Uskayaw.
  2310 | D:3      | Found a basalt altar of Yredelemnul.
  2310 | D:3      | Found a sacrificial altar of Ru.
  2344 | D:3      | Found a hide-covered altar of Uskayaw.
  2499 | D:4      | Noticed Natasha
  2514 | D:4      | Slain by an ogre

Vanquished Creatures
  Grinder (D:3)
  An orc wizard (D:2)
  Ijyb (D:3)
  5 adders
  An ooze (D:2)
  3 worms
  2 dart slugs (D:3)
  2 leopard geckos (D:2)
  An orc (D:3)
  4 giant cockroaches
  6 hobgoblins
  3 jackals (D:2)
  7 kobolds
  4 quokkas (D:2)
  A ball python (D:2)
  5 bats
  A frilled lizard (D:1)
  10 goblins
  6 rats
64 creatures vanquished.
